 Dungeon Crawl Stone Soup version 0.31-a0-222-gefeffbb62a (webtiles) character file.

Game seed: 13525702310267034509

190 SkeletonJelly the Chopper (level 5, 0/61 HPs)
             Began as a Demonspawn Chaos Knight on July 6, 2023.
             Was a Plaything of Xom.
             Slain by an iguana (14 damage)
             ... on level 4 of the Dungeon.
             The game lasted 00:04:30 (2717 turns).

SkeletonJelly the Chopper (Demonspawn Chaos Knight) Turns: 2717, Time: 00:04:31

Health: 0/61       AC: 26    Str: 13 (14) XL:     5   Next: 41%
Magic:  5/5        EV:  2    Int:  9 (12) God:    Xom [..*...]
Gold:   148        SH:  0    Dex: 14 (16) Spells: 4/4 levels left

rFire   . . .        a - +0 hand axe (chaos)
rCold   . . .        (no shield)
rNeg    . . .        b - melded +2 leather armour
rPois   +            (helmet currently unavailable)
rElec   .            (cloak currently unavailable)
rCorr   .            (gloves currently unavailable)
SInv    .            (boots currently unavailable)
Will    .....        (no amulet)
Stlth   +            m - +4 ring of protection
HPRegen 0.30/turn    (no ring)
MPRegen 0.18/turn

%: no passive effects
@: brilliant, tree-form
A: stationary, stasis, torment immunity, boosted hp, (horns 2), magic
regeneration, agile 1
a: Renounce Religion


You were on level 4 of the Dungeon.
You worshipped Xom.
You were a toy of Xom.
You were a tree.
You visited 1 branch of the dungeon, and saw 4 of its levels.

You collected 148 gold pieces.

Inventory:

Hand Weapons
 a - a +0 hand axe of chaos (weapon)
 p - a +3 heavy hand axe
Missiles
 n - 12 poisoned darts
Armour
 b - a +2 leather armour (melded)
Jewellery
 f - a ring of ice
 m - a +4 ring of protection (left branch)
Wands
 s - a wand of flame (20)
Scrolls
 e - 2 scrolls of revelation {unknown}
 g - a scroll of teleportation {unknown}
 i - 3 scrolls of amnesia {unknown}
 j - 2 scrolls of identify {unknown}
 l - a scroll of poison {unknown}
 q - a scroll of enchant weapon {unknown}
 t - a scroll of fog {unknown}
Potions
 d - 3 potions of curing
 h - a potion of degeneration
 o - a potion of brilliance
Miscellaneous
 c - a piece from Xom's chessboard (14/15) (quivered)


   Skills:
 - Level 3.0 Fighting
 + Level 5.6 Axes
 - Level 1.7 Armour
 - Level 0.8 Dodging


You had 4 spell levels left.
You didn't know any spells.
Your spell library contained the following spells:

 Spells                   Type           Power      Damage    Failure   Level
 Beastly Appendage        Tmut           0%         N/A       38%         1
 Wereblood                Tmut           0%         N/A       52%         2
 Spider Form              Tmut/Pois      0%         N/A       77%         3


Dungeon Overview and Level Annotations

Branches:
Dungeon (4/15)
 Temple: D:4-7

Altars:
Trog


Innate Abilities, Weirdness & Mutations

You are a tree.
Your roots penetrate the ground, keeping you stationary.
You cannot be teleported.
You are immune to unholy pain and torment.
Your maximum health is greatly increased.
Your equipment is partially melded.
((You have a pair of horns on your head.))
You regenerate magic rapidly.
You are agile. (Dex +4, Str/Int -1)


Message History

The iguana attacks as you move away! The iguana bites you!
You take 7 damage, and have 31/41 hp.
The sleepcap attacks as you move away! The sleepcap releases spores at you.
The sleepcap closely misses you.
You take 1 damage, and have 30/41 hp.
The sleepcap attacks as you move away! The sleepcap releases spores at you.
You take 6 damage, and have 24/41 hp.
It was a potion of curing.
You feel better. The sleepcap barely misses you.
The sleepcap releases spores at you but does no damage.
You regained 6 hp, and now have 30/41 hp.
It was a potion of degeneration.
There was something very wrong with that liquid.
You feel weakened.
You feel dopey.
You feel clumsy.
Xom thinks this is hilarious!
The sleepcap closely misses you.
It was a potion of brilliance.
You feel clever all of a sudden.
Xom thinks this is hilarious!
The sleepcap releases spores at you but does no damage.
The sleepcap barely misses you.
It was a potion of heal wounds.
You feel much better.
Xom roars with laughter!
The sleepcap releases spores at you but does no damage.
Health restored: 41 It was a potion of lignification.
You turn into a tree.
Your +2 leather armour melds into your body.
Your roots penetrate the ground.
The sleepcap releases spores at you but does no damage. x2
You now have 61/61 hp.
You hit the sleepcap.
The sleepcap is moderately damaged.
The sleepcap releases spores at you but does no damage. x2
You hit the sleepcap but do no damage.
The sleepcap is moderately damaged.
The sleepcap releases spores at you but does no damage.
You hit the sleepcap.
You punch the sleepcap, but do no damage.
The sleepcap is moderately damaged.
The sleepcap releases spores at you but does no damage. x2
You hit the sleepcap but do no damage.
The sleepcap is moderately damaged.
The sleepcap blinks!
You hit the iguana.
The iguana goes berserk!
The iguana is lightly wounded.
The iguana bites you but does no damage. x2
You hit the iguana but do no damage.
The iguana is lightly wounded.
The iguana bites you but does no damage.
You hit the iguana but do no damage.
The iguana is lightly wounded.
You hit the sleepcap. You drain the sleepcap.
The sleepcap releases spores at you but does no damage.
The iguana bites you but does no damage.
The sleepcap barely misses you. The iguana bites you!
You take 13 damage, and have 48/61 hp.
MASSIVE DAMAGE!!
You hit the iguana but do no damage.
The iguana is lightly wounded.
You hit the sleepcap but do no damage.
The sleepcap is poisoned.
The sleepcap releases spores at you but does no damage.
The iguana bites you!
You take 7 damage, and have 41/61 hp.
You closely miss the iguana.
The iguana is lightly wounded.
You hit the sleepcap but do no damage.
The sleepcap releases spores at you but does no damage.
The iguana bites you but does no damage.
The sleepcap releases spores at you but does no damage.
The iguana bites you but does no damage.
You hit the iguana. You burn the iguana.
The iguana is moderately wounded.
You hit the sleepcap.
Xom makes a sudden noise!
You hear a strangely pleasant explosion.
You hear a shout! x2
The sleepcap releases spores at you but does no damage.
The iguana bites you.
The sleepcap releases spores at you but does no damage.
You take 5 damage, and have 36/61 hp.
You barely miss the iguana.
The iguana is moderately wounded.
You hit the sleepcap but do no damage.
The iguana bites you but does no damage.
The sleepcap releases spores at you but does no damage.
The iguana bites you.
You take 4 damage, and have 32/61 hp.
You hit the iguana but do no damage.
The iguana is poisoned.
The iguana is moderately wounded.
You hit the sleepcap but do no damage. Lightning courses through the sleepcap!
You destroy the sleepcap!
The iguana bites you! x2
* * * LOW HITPOINT WARNING * * *
Your piece from Xom's chessboard (14/15) has regained one charge.
You take 19 damage, and have 13/61 hp.
MASSIVE DAMAGE!!
You closely miss the iguana.
The iguana is moderately wounded.
The iguana bites you but does no damage.
You hit the iguana.
The iguana looks as sick as possible!
The iguana is heavily wounded.
The iguana bites you but does no damage.
The iguana bites you!
You die...

#)#.# #.#..# ..# #.#
## ## #.# #.## #.#
#.#.## #†.# ##.#
##.#.# #..#
##.#.#####.#.#####..#
#.....#.#.....#.#l..#
.#.....#.#.....#♣#..#
#....)#.#.....#.#...#
#.....#.#.....#.#..#
##.#.#####.#.####..#
#.#.## #.#.## #.##
##.#.# ##.#.# #.#
#.#.#####.# ## .#
#...# #.## #.#####.##
.#


You could see an iguana (berserk, extremely poisoned).

Vanquished Creatures
  A scorpion (D:4)
  A sleepcap (D:4)
  Terence (D:2)
  2 adders (D:3)
  A dart slug (D:2)
  3 bats
  7 endoplasms
  8 goblins
  7 hobgoblins
  4 quokkas
  8 ball pythons
  3 frilled lizards
  6 kobolds
  5 rats
57 creatures vanquished.

Notes
Turn   | Place    | Note
-------+----------+-------------------------------------------
     0 | D:1      | SkeletonJelly the Demonspawn Chaos Knight began the quest
                  | for the Orb.
     0 | D:1      | Reached XP level 1. HP: 18/18 MP: 1/1
   111 | D:1      | Reached skill level 3 in Axes
   148 | D:1      | XOM: silly message
   268 | D:1      | Gained mutation: You regenerate magic rapidly. [demonic
                  | ancestry]
   268 | D:1      | Reached XP level 2. HP: 24/24 MP: 2/2
   967 | D:1      | Reached XP level 3. HP: 29/29 MP: 3/3
  1149 | D:1      | XOM: give mutations
  1149 | D:1      | Gained mutation: You are agile. (Dex +4, Str/Int -1) [Xom's
                  | grace]
  1149 | D:1      | Gained mutation: You have a pair of small antennae on your
                  | head. [Xom's grace]
  1283 | D:2      | Reached skill level 4 in Axes
  1313 | D:2      | Found a bloodstained altar of Trog.
  1511 | D:2      | Noticed Terence
  1575 | D:2      | XOM: potion effect (brilliance)
  1582 | D:2      | Killed Terence
  1583 | D:2      | Lost mutation: You have a pair of small antennae on your
                  | head. [demonic ancestry]
  1583 | D:2      | Gained mutation: You have a pair of small horns on your
                  | head. [demonic ancestry]
  1583 | D:2      | Reached XP level 4. HP: 4/35 MP: 4/4
  2630 | D:4      | Noticed a scorpion
  2640 | D:4      | Killed a scorpion
  2641 | D:4      | Reached skill level 5 in Axes
  2641 | D:4      | Gained mutation: You have a pair of horns on your head.
                  | [demonic ancestry]
  2641 | D:4      | Reached XP level 5. HP: 39/41 MP: 5/5
  2713 | D:4      | XOM: noise
  2717 | D:4      | Slain by an iguana

Illustrated notes

Levels and vault maps discovered:
D:1:      evilmike_arrival_crescent, layout_basic
D:2:      layout_loops_cross, basic_altar, serial_glass, glass_columns_a,
          glass_columns_c, uniq_terence
D:3:      layout_rooms, nrook_mini_backslash
D:4:      layout_loops_ring, overflow_temple_1_default, temple_fountains,
          kennysheep_small_spiral, nicolae_houndstooth_variations

Skill      XL: |  1  2  3  4 |
---------------+-------------+-----
Axes           | 3 4 5 |  5.6
Fighting       | |  3.0
Armour         | |  1.7
Dodging        | |  0.8

Action                     |  1- 3 |  4- 6 || total
---------------------------+-------+-------++-------
  Melee: Hand axe          |   116 |    66 ||   182
         Headbutt          |       |     9 ||     9
         Punch             |       |     1 ||     1
  Throw: Dart              |     2 |       ||     2
  Evoke: Piece from Xom's  |     1 |     2 ||     3
    Use: Potion            |       |     5 ||     5
   Stab: Sleeping          |     1 |     1 ||     2
 Armour: Leather armour    |    36 |    25 ||    61
         Skin              |       |    23 ||    23
  Dodge: Dodged            |    56 |    26 ||    82

Table legend: (Time is in decaauts)
 A = Elapsed time spent in this place.
 B = Non-inter-level travel time spent in this place.
 C = Inter-level travel time spent in this place.
 D = Time resting spent in this place.
 E = Time spent auto-exploring this place.
 F = Levels seen in this place.
 G = Mean time per level.
                   A        B        C        D        E       F      G
               +--------+--------+--------+--------+--------+-----+--------+
         Total |   2737 |   2583 |    154 |      0 |   2096 |   4 |  684.2 |
       Dungeon |   2737 |   2583 |    154 |      0 |   2096 |   4 |  684.2 |
               +--------+--------+--------+--------+--------+-----+--------+

Top non-repeatable levels by time:
     D:1: 1283 daAuts
     D:2: 844 daAuts
     D:3: 504 daAuts
     D:4: 104 daAuts
